Map: 环轨星港

Players

平步青云 - Winner!

  • Race: Terran Terran

电脑难度(艰难)

  • Race: Protoss Protoss

VOD

Have the link to the VOD?

Description

Time

  • Played on: Jan. 1, 2016, 3:38 a.m.
  • Length: 10:43
Show
View Real Time Build Order
Export as new Build Order

平步青云 Terran - Winner!

Build Orders:  

Get SALT Encoding   

  12  0:00  SCV  
  13  0:13  SCV  
  14  0:20  Supply Depot  
  14  0:25  SCV  
  15  0:41  SCV  
  16  0:43  Barracks  
  16  0:53  SCV  
  16  0:56  Refinery  
  17  1:05  SCV  
  18  1:17  SCV  
  19  1:30  SCV  
  20  1:34  Barracks  
  20  1:35  Marine  
  20  1:37  Supply Depot  
  21  1:48  SCV  
  21  1:53  Marine  
  23  2:02  Supply Depot  
  23  2:12  Barracks  
  23  2:13  Orbital Command  
  23  2:16  Barracks Reactor  
  23  2:21  Barracks Reactor  
  23  2:24  Bunker  
  23  2:36  Supply Depot  
  23  2:47  SCV  
  24  2:51  Refinery  
  24  2:59  SCV  
  24  3:00  Bunker  
  24  3:01  Marine x2  
  24  3:02  Marine x2  
  30  3:07  Barracks Tech Lab  
  30  3:11  SCV  
  30  3:13  Factory  
  30  3:24  SCV  
  31  3:27  Marine x2  
  31  3:28  Marine x2  
  35  3:50  Bunker  
  35  3:52  Marine x2  
  37  3:58  Marine x2  
  37  4:02  Marauder  
  41  4:06  Factory Tech Lab  
  41  4:10  Marine  
  41  4:16  Marine x2  
  44  4:23  Marauder  
  46  4:42  Bunker  
  46  4:49  Marine  
  46  4:52  Marine  
  47  4:54  Marine  
  47  4:56  Marine  
  45  5:05  Marine  
  46  5:07  Marine  
  46  5:11  Marine  
  46  5:27  Supply Depot  
  46  5:44  SCV  
  46  5:49  Supply Depot  
  47  5:56  SCV  
  44  5:57  Marine x3  
  44  5:58  Marauder, Marine  
  49  6:06  Siege Tank  
  51  6:15  Marine x3  
  51  6:16  Supply Depot  
  53  6:20  Marauder  
  50  6:34  Marine x2  
  50  6:35  Marine x2  
  53  6:41  Marauder  
  46  7:13  Marine x3  
  46  7:14  Marine x2  
  44  7:50  Marine x2  
  45  8:25  Siege Tank  
  48  8:32  Starport  
  47  8:35  Marine x2  
  47  8:36  Marine  
  49  8:53  Marine x2  
  49  8:54  Marine  
  52  8:57  Siege Tank  
  50  9:11  Marine x2  
  50  9:12  Marauder  
  54  9:29  Marine x2  
  55  9:33  Hellion, Marine  
  57  9:46  Marine  
  57  9:51  Medivac  
  60  9:54  Hellion  
Show
View Real Time Build Order
Export as new Build Order

电脑难度(艰难) Protoss 

Build Orders: 1 Gate Expand 

Get SALT Encoding   

  12  0:01  Probe (Chrono Boost)  
  13  0:11  Probe (Chrono Boost)  
  14  0:20  Pylon  
  14  0:22  Probe (Chrono Boost)  
  15  0:38  Probe (Chrono Boost)  
  16  0:49  Probe (Chrono Boost), Gateway  
  17  1:09  Nexus  
  17  1:13  Probe (Chrono Boost)  
  18  1:28  Pylon  
  18  1:32  Assimilator  
  18  1:35  Zealot  
  20  1:42  Cybernetics Core  
  20  1:44  Probe (Chrono Boost)  
  21  1:56  Probe (Chrono Boost)  
  22  2:06  Gateway  
  22  2:07  Probe (Chrono Boost)  
  23  2:14  Assimilator  
  23  2:18  Stalker  
  23  2:22  Probe (Chrono Boost)  
  26  2:23  Pylon  
  26  2:35  Probe (Chrono Boost)  
  28  2:37  Probe (Chrono Boost), Warp Gate  
  28  2:46  Probe (Chrono Boost), Adept  
  28  2:48  Probe (Chrono Boost)  
  32  2:57  Probe (Chrono Boost)  
  33  3:00  Probe (Chrono Boost)  
  34  3:07  Gateway  
  34  3:09  Probe (Chrono Boost)  
  34  3:11  Probe (Chrono Boost), Zealot  
  38  3:23  Stalker  
  40  3:37  Stalker, Assimilator  
  42  3:46  Probe (Chrono Boost)  
  44  3:49  Probe (Chrono Boost)  
  44  3:53  Sentry  
  46  3:57  Probe (Chrono Boost)  
  46  3:58  Pylon  
  46  4:01  Probe (Chrono Boost)  
  48  4:07  Stargate  
  48  4:08  Probe (Chrono Boost)  
  49  4:10  Assimilator  
  49  4:13  Probe (Chrono Boost)  
  50  4:19  Probe (Chrono Boost)  
  50  4:24  Probe (Chrono Boost)  
  52  4:26  Pylon  
  52  4:30  Probe (Chrono Boost)  
  53  4:31  Forge  
  53  4:35  Probe (Chrono Boost)  
  54  4:40  Probe (Chrono Boost)  
  55  4:46  Probe (Chrono Boost)  
  55  4:50  Zealot  
  55  4:51  Probe (Chrono Boost)  
  59  4:56  Pylon  
  59  4:57  Probe (Chrono Boost)  
  59  4:58  Protoss Ground Weapons Level 1  
  60  5:03  Probe (Chrono Boost), Zealot  
  61  5:08  Probe (Chrono Boost)  
  54  5:16  Zealot  
  54  5:20  Probe (Chrono Boost)  
  58  5:22  Probe (Chrono Boost)  
  58  5:28  Stalker  
  58  5:31  Probe (Chrono Boost)  
  58  5:33  Pylon  
  58  5:34  Probe (Chrono Boost)  
  62  5:41  Sentry  
  65  5:42  Probe (Chrono Boost)  
  65  5:45  Probe (Chrono Boost)  
  66  5:54  Probe (Chrono Boost), Adept  
  66  5:56  Pylon  
  57  6:05  Void Ray  
  57  6:06  Mothership Core (Chrono Boost)  
  57  6:18  Probe (Chrono Boost)  
  50  6:20  Zealot  
  50  6:25  Probe (Chrono Boost)  
  45  6:29  Probe (Chrono Boost)  
  43  6:33  Zealot  
  43  6:37  Probe (Chrono Boost)  
  42  6:42  Probe (Chrono Boost)  
  42  6:45  Void Ray  
  40  6:48  Probe (Chrono Boost)  
  40  6:54  Probe (Chrono Boost)  
  42  6:55  Stalker  
  42  6:59  Probe (Chrono Boost)  
  44  7:03  Protoss Ground Armor Level 1  
  44  7:05  Probe (Chrono Boost)  
  44  7:08  Stalker  
  47  7:11  Probe (Chrono Boost)  
  44  7:16  Probe (Chrono Boost)  
  44  7:21  Zealot  
  46  7:23  Probe (Chrono Boost)  
  46  7:28  Probe (Chrono Boost)  
  47  7:34  Probe (Chrono Boost), Adept  
  47  7:39  Probe (Chrono Boost)  
  46  7:45  Probe (Chrono Boost)  
  46  7:47  Stalker  
  50  7:51  Probe (Chrono Boost)  
  50  7:57  Probe (Chrono Boost)  
  49  8:00  Stalker  
  48  8:12  Sentry  
  48  8:13  Probe (Chrono Boost)  
  48  8:15  Probe (Chrono Boost)  
  47  8:25  Probe (Chrono Boost), Zealot  
  51  8:28  Probe (Chrono Boost)  
  51  8:36  Probe (Chrono Boost)  
  51  8:38  Stalker  
  52  8:42  Probe (Chrono Boost)  
  52  8:48  Probe (Chrono Boost)  
  47  8:51  Zealot  
  47  8:53  Probe (Chrono Boost)  
  44  8:58  Probe (Chrono Boost)  
  44  9:00  Zealot  
  41  9:04  Probe (Chrono Boost)  
  41  9:06  Gateway  
  41  9:10  Adept  
  41  9:15  Pylon  
  41  9:17  Void Ray  
  34  9:19  Pylon  
  34  9:27  Probe (Chrono Boost)  
  34  9:29  Stalker  
  31  9:36  Mothership Core (Chrono Boost)  
  31  9:38  Stalker  
  26  9:50  Probe (Chrono Boost), Zealot  
  25  9:56  Probe (Chrono Boost)  
  25  9:59  Zealot  
  24  10:00  Probe (Chrono Boost)  
  23  10:07  Probe (Chrono Boost)  
  23  10:12  Probe (Chrono Boost)  
  20  10:18  Probe (Chrono Boost)  
  18  10:22  Probe (Chrono Boost)  
  17  10:29  Probe (Chrono Boost)  
Tags
 
Add a new tag
Caveats
  • Supply blocks, unpowered buildings, or Contaminate may cause inaccurate times.
  • Supply counts are checked every 10 seconds.